 Dungeon Sprint DCSS version 0.16-a0-38-g23a437e (webtiles) character file.

27 Crauler the Digger (level 3, -6/19 HPs)
             Began as a Gargoyle Earth Elementalist on Aug 4, 2014.
             Was an Initiate of Vehumet.
             Mangled by an ogre
             ... wielding a +0 giant spiked club
              (25 damage)
             ... in the Dungeon (Sprint IX: "|||||||||||||||||||||||||||||").
             The game lasted 00:05:50 (287 turns).

Crauler the Digger (Gargoyle Earth Elementalist)     Turns: 287, Time: 00:05:50

HP  -6/19        AC  5     Str 11      XL: 3   Next: 10%
MP   5/8         EV 13     Int 19      God: Vehumet [......]
Gold 0           SH  0     Dex 13      Spells:  3 memorised,  2 levels left

rFire  . . .     SeeInvis .     p - staff of energy
rCold  . . .     Clarity  .     c - +0 robe
rNeg   + . .     rCorr    .     (no shield)
rPois  +         rRot     +     (no helmet)
rElec  +         Spirit   .     (no cloak)
SustAb .         Warding  .     (no gloves)
rMut   .         NoTele   +     (no boots)
Gourm  .                        (no amulet)
MR     .....                    s - +3 ring of intelligence
                                r - +3 ring of dexterity

@: not resistant to hostile enchantments, unstealthy
A: negative energy resistance 1, electricity resistance, unbreathing,
petrification resistance, rot immunity, AC +3
a: Renounce Religion


You were in the Dungeon.
You worshipped Vehumet.
Vehumet was noncommittal.
You were not hungry.

You visited 1 branch

Inventory:

Hand weapons
 t - the +4 quarterstaff of Inconvenience {drain, Stlth+}
   (You found it in the Dungeon)

   A truly terrible weapon, it drains the life of those it strikes.
   It makes you more stealthy.
Missiles
 b - 16 stones (quivered)
Armour
 c - a +0 robe (worn)
 q - a +0 pair of boots
Magical devices
 o - a wand of cold (7)
Comestibles
 a - a bread ration
 k - 2 chunks of adder flesh
Scrolls
 j - 2 scrolls of blinking
 m - 3 scrolls of remove curse
 n - 2 scrolls of amnesia
Jewellery
 r - a +3 ring of dexterity (left hand)
 s - a +3 ring of intelligence (right hand)
Potions
 e - 5 potions of curing
 f - 3 potions of heal wounds
 g - a potion of haste
 h - 4 potions of magic
 i - a potion of berserk rage
 l - a potion of invisibility
Books
 d - a book of Geomancy

   Spells                             Type                      Level
   *Sandblast                         Earth                        1
   *Stoneskin                         Transmutation/Earth          2
   Passwall                           Transmutation/Earth          3
   *Stone Arrow                       Conjuration/Earth            3
   Petrify                            Transmutation/Earth          4
   Lee's Rapid Deconstruction         Earth                        5
Magical staves
 p - an uncursed staff of energy (weapon)


   Skills:
 + Level 2.8 Dodging
 - Level 2.1 Stealth
 + Level 3.3 Spellcasting
 + Level 0.0 Conjurations
 - Level 0.7 Transmutations
 * Level 6.1 Earth Magic


You had 2 spell levels left.
You knew the following spells:

 Your Spells              Type           Power        Failure   Level  Hunger
a - Sandblast             Erth           ####..       1%          1    None
b - Stone Arrow           Conj/Erth      ##....       14%         3    None
c - Stoneskin             Trmt/Erth      ###.....     8%          2    None


Dungeon Overview and Level Annotations

Branches:
Dungeon (1/1)

Altars:
Cheibriados
Dithmenos
Elyvilon
Fedhas
Gozag
Kikubaaqudgha
Makhleb
Nemelex Xobeh
Okawaru
Qazlal
Sif Muna
Trog
Vehumet
Xom
Yredelemnul
Zin
The Shining One
Beogh
Jiyva
Lugonu


Innate Abilities, Weirdness & Mutations

You are resistant to torment.
You are immune to poison.
Your stone body is very resilient (AC +3).
You resist negative energy.
You are resistant to electric shocks.
You can survive without breathing.
You are immune to petrification.
You are immune to rotting.


Message History

Put on which piece of jewellery? (? for menu, Esc to quit)
You feel clever.
s - a +3 ring of intelligence (right hand)
You see here a +0 centaur barding.
You see here a +1 chain mail.
You open the door.
A giant gecko, a yak, an ice beast, an ogre, a crimson imp and a skeleton come into view.
Casting: Sandblast
Confirm with . or Enter, or press ? or * to list all spells.
Okay, then.
Casting: Sandblast
Confirm with . or Enter, or press ? or * to list all spells.
Aiming: Stone Arrow
Press: ? - help, Shift-Dir - straight line, f - ogre
Aim: an ogre, wielding a giant spiked club The stone arrow hits the ogre.
The ogre is moderately wounded.
The ogre hits you with a giant spiked club!!
Ouch! That really hurt!
You die...

▓.▓
▓.▓
▓.▓
▓)▓
▓[▓
▓.▓
▓[▓
▓.▓
▓@▓
▓O▓
▓.▓
▓Y▓
▓5▓
▓Z▓
▓Y▓
▓l▓
▓+▓


You could see a yak (sleeping), an ice beast (sleeping), an ogre, a crimson imp
(sleeping), a giant gecko and a rat skeleton (dormant).

Vanquished Creatures
  2 adders (D)
  An orc (D)
  A goblin (D)
  A hobgoblin (D)
  A quokka (D)
  A ball python (D)
  A giant newt (D)
  A kobold (D)
  A rat (D)
10 creatures vanquished.

Vanquished Creatures (others)
  A spatial maelstrom (D)
1 creature vanquished.

Grand Total: 11 creatures vanquished

Notes
Turn   | Place    | Note
--------------------------------------------------------------
     0 | D        | Crauler, the Gargoyle Earth Elementalist, began the quest for the Orb.
     0 | D        | Reached XP level 1. HP: 10/10 MP: 3/3
     0 | D        | Banished a spatial maelstrom
     7 | D        | Reached skill level 4 in Earth Magic
    87 | D        | Reached skill level 5 in Earth Magic
    87 | D        | Reached XP level 2. HP: 15/15 MP: 3/5
    90 | D        | Reached skill level 6 in Earth Magic
    90 | D        | Reached XP level 3. HP: 12/19 MP: 0/8
   210 | D        | Learned a level 3 spell: Stone Arrow
   213 | D        | Learned a level 2 spell: Stoneskin
   213 | D        | Found a glowing silver altar of Zin.
   213 | D        | Found a glowing golden altar of the Shining One.
   213 | D        | Found an ancient bone altar of Kikubaaqudgha.
   213 | D        | Found a basalt altar of Yredelemnul.
   213 | D        | Found a shimmering altar of Xom.
   213 | D        | Found a radiant altar of Vehumet.
   213 | D        | Found an iron altar of Okawaru.
   214 | D        | Found a burning altar of Makhleb.
   215 | D        | Found a deep blue altar of Sif Muna.
   216 | D        | Found a bloodstained altar of Trog.
   217 | D        | Found a sparkling altar of Nemelex Xobeh.
   218 | D        | Found a white marble altar of Elyvilon.
   219 | D        | Found a roughly hewn altar of Beogh.
   220 | D        | Found a viscous altar of Jiyva.
   221 | D        | Found a corrupted altar of Lugonu.
   222 | D        | Found a blossoming altar of Fedhas.
   223 | D        | Found a snail-covered altar of Cheibriados.
   224 | D        | Found a shadowy altar of Dithmenos.
   231 | D        | Found a stormy altar of Qazlal.
   232 | D        | Found an opulent altar of Gozag.
   239 | D        | Became a worshipper of Vehumet
   278 | D        | Got the +4 quarterstaff of Inconvenience {drain, Stlth+}
   286 | D        | Noticed an ogre
   286 | D        | Noticed an ice beast
   286 | D        | Noticed a crimson imp
   286 | D        | Noticed a yak
   287 | D        | Mangled by an ogre

Action                   || total
-------------------------++-------
Melee: Unarmed           ||     6
 Cast: Sandblast         ||     9
       Stone Arrow       ||     1
